 Dungeon Crawl Stone Soup version 0.16-a0-2093-g8c923f7 (webtiles) character file.

15 PolkaDot the Caller (level 2, -1/20 HPs)
             Began as a Vampire Summoner on Nov 13, 2014.
             Slain by a gnoll
             ... wielding a +0 spear
              (3 damage)
             ... on level 2 of the Dungeon.
             The game lasted 00:02:56 (1628 turns).

PolkaDot the Caller (Vampire Summoner)              Turns: 1628, Time: 00:02:57

Health: -1/20      AC:  1    Str:  7    XL:     2   Next: 34%
Magic:  0/4        EV: 10    Int: 17    God:
Gold:   75         SH:  0    Dex: 14    Spells: 2 memorised, 2 levels left

rFire  . . .     SeeInvis +     l - +0 short sword
rCold  . . .     Clarity  .     g - +0 leather armour
rNeg   + . .     SustAb   .     (no shield)
rPois  .         Gourm    .     (no helmet)
rElec  .         Spirit   .     (no cloak)
rCorr  .         Warding  .     (no gloves)
rMut   .         Stasis   .     (no boots)
MR     .....                    (no amulet)
Stlth  ++........               (no ring)
                                (no ring)

@: very slightly contaminated, not resistant to hostile enchantments, unstealthy
A: fangs 3, see invisible, blink 1, deformed body, unbreathing, forlorn
a: Blink


You were on level 2 of the Dungeon.
You were not thirsty.

You visited 1 branch of the dungeon, and saw 2 of its levels.

You collected 75 gold pieces.

Inventory:

Hand weapons
 l - a +0 short sword (weapon)
Armour
 g - a +0 leather armour (worn)
Scrolls
 a - 3 scrolls of remove curse {unknown}
 c - a scroll of noise {unknown}
 d - a scroll of fog {unknown}
 e - 2 scrolls of identify {unknown}
 f - a scroll of fear {unknown}
 j - 3 scrolls of blinking {unknown}
 k - a scroll of recharging {unknown}
 n - a scroll of amnesia {unknown}
Potions
 h - 3 potions of curing {unknown}
Books
 b - a book of Callings

   Spells                             Type                      Level
   *Summon Small Mammal               Summoning                    1
   *Call Imp                          Summoning                    2
   Call Canine Familiar               Summoning                    3
   Summon Guardian Golem              Hexes/Summoning              4
   Summon Lightning Spire             Summoning/Air                4
   Summon Ice Beast                   Ice/Summoning                4


   Skills:
 + Level 0.6 Fighting
 - Level 2.1 Dodging
 - Level 3.0 Stealth
 - Level 2.0 Spellcasting
 * Level 4.4 Summonings


You had 2 spell levels left.
You knew the following spells:

 Your Spells              Type           Power        Failure   Level  Hunger
a - Summon Small Mammal   Summ           ###.         3%          1    #......
s - Call Imp              Summ           ###.....     6%          2    ###....


Dungeon Overview and Level Annotations

Branches:
Dungeon (2/15)

Altars:


Innate Abilities, Weirdness & Mutations

You have razor-sharp teeth.
You have supernaturally acute eyesight.
You can survive without breathing.
You can translocate small distances at will.
Armour fits poorly on your strangely shaped body.
You have difficulty communicating with the divine.


Message History

Confirm with . or Enter, or press ? or * to list all spells.
You miscast Call Imp.
You are very lightly contaminated with residual magic.
Nothing appears to happen.
The gnoll hits you with a glowing halberd!
Ouch! That really hurt!
* * * LOW HITPOINT WARNING * * *
You barely miss the gnoll.
The gnoll is almost dead.
The gnoll hits you with a glowing halberd.
* * * LOW HITPOINT WARNING * * *
You hit the gnoll but do no damage.
The gnoll is almost dead.
The gnoll barely misses you. x2
You hit the gnoll but do no damage.
The gnoll is almost dead.
The gnoll hits you with a club.
* * * LOW HITPOINT WARNING * * *
The gnoll hits you from afar with a spear.
You die...

#####.####....## #.
#..........# #. ##
#..#######.#### #.
#. #..#
##....######## #.
#. #..#
##..##......... ..
#. #####..#
##.#.##.####.### #
#. .......#
##.###$#.# #.
.......# #.## ##..#
#.
####...####.###g@.#
#####.
#.........#.g###
#.....
#....#####.#g#
#.#### #.##.# ###.#
#.# #.##.# #.# #.#
#.##.# ..# #.#
#.##.# .#.. #.####
...... .g### #.....
#.#### ## ######


You could see 3 gnolls.

Vanquished Creatures
  2 giant geckos
  A goblin (D:2)
  3 bats
  2 kobolds (D:1)
  2 rats
10 creatures vanquished.

Vanquished Creatures (collateral kills)
  A worm (D:2)
  A goblin (D:1)
  A kobold (D:1)
3 creatures vanquished.

Vanquished Creatures (others)
  A crimson imp (D:2)
  A rat (D:2)
2 creatures vanquished.

Grand Total: 15 creatures vanquished

Notes
Turn   | Place    | Note
--------------------------------------------------------------
     0 | D:1      | PolkaDot, the Vampire Summoner, began the quest for the Orb.
     0 | D:1      | Reached XP level 1. HP: 13/13 MP: 3/3
  1280 | D:2      | Reached XP level 2. HP: 14/20 MP: 4/4
  1592 | D:2      | Learned a level 2 spell: Call Imp
  1593 | D:2      | Gained mutation: You have difficulty communicating with the divine. [potion of mutation]
  1593 | D:2      | Gained mutation: Armour fits poorly on your strangely shaped body. [potion of mutation]
  1593 | D:2      | Gained mutation: You can translocate small distances at will. [potion of mutation]
  1628 | D:2      | Slain by a gnoll

Action                   || total
-------------------------++-------
Melee: Unarmed           ||    29
       Short sword       ||    27
 Cast: Summon Small Mamm ||    15
       Call Imp          ||     1
  Use: Potion            ||     3
  Eat: Corpse            ||     5
